 Dungeon Crawl Stone Soup version 0.21-a0-64-g1c0f2e3 (webtiles) character file.

27 Manul the Conjurer (level 3, 0/16 HPs)
             Began as a Vine Stalker Wanderer on June 17, 2017.
             Slain by a leopard gecko (2 damage)
             ... on level 1 of the Dungeon.
             The game lasted 00:00:57 (624 turns).

Manul the Conjurer (Vine Stalker Wanderer)           Turns: 624, Time: 00:00:58

Health: 0/16       AC:  5    Str: 16    XL:     3   Next: 10%
Magic:  0/4        EV: 10    Int: 10    God:
Gold:   16         SH:  0    Dex: 14    Spells: 2/2 levels left

rFire    . . .     SeeInvis .   a - +2 dagger
rCold    . . .     Gourm    .   (no shield)
rNeg     . . .     Faith    .   d - +0 ring mail
rPois    .         Spirit   +   (no helmet)
rElec    .         Reflect  .   (no cloak)
rCorr    .         Harm     .   (no gloves)
MR       .....                  (no boots)
Stlth    +.........             (no amulet)
HPRegen  0.05/turn              (no ring)
MPRegen  0.09/turn              (no ring)

@: no status effects
A: fangs 2, magic shield, antimagic bite, no potion heal 3, rot immunity
a: no special abilities


You were on level 1 of the Dungeon.
You were not hungry.

You visited 1 branch of the dungeon, and saw 1 of its levels.

You collected 16 gold pieces.

Inventory:

Hand Weapons
 a - a +2 dagger (weapon)
Armour
 d - a +0 ring mail (worn)
Scrolls
 g - 2 scrolls of remove curse {unknown}
 k - a scroll of noise {unknown}
 l - a scroll of identify {unknown}
 m - a scroll of immolation {unknown}
Potions
 b - 2 potions of berserk rage
 e - a potion of curing {unknown}
 i - 2 potions of might {unknown}
 j - a potion of resistance {unknown}
Books
 c - the Catalogue of the Arsonist

   Spells                             Type                      Level
   a - Flame Tongue                   Conjuration/Fire             1
   b - Inner Flame                    Hexes/Fire                   3
Comestibles
 f - a bread ration
 h - 6 chunks of flesh


   Skills:
   Level 1.0 Bows
 + Level 2.8 Armour
 + Level 1.2 Stealth
   Level 1.0 Shields
   Level 5.0 Conjurations


You had 2 spell levels left.
You didn't know any spells.

Dungeon Overview and Level Annotations

Branches:
Dungeon (1/15)

Altars:


Innate Abilities, Weirdness & Mutations

You have extremely sharp teeth.
When hurt, damage is shared between your health and your magic reserves.
Your bite disrupts and absorbs the magic of your enemies.
Potions cannot restore your health.
You are immune to rotting.


Message History

The leopard gecko bites you.
* * * LOW HITPOINT WARNING * * *
The leopard gecko closely misses you.
The leopard gecko bites you but does no damage.
The leopard gecko bites you but does no damage.
The leopard gecko barely misses you. The leopard gecko closely misses you.
The leopard gecko bites you but does no damage.
The leopard gecko bites you but does no damage.
The leopard gecko closely misses you. The leopard gecko barely misses you.
The leopard gecko bites you but does no damage.
The leopard gecko bites you.
* * * LOW HITPOINT WARNING * * *
The leopard gecko closely misses you. The leopard gecko barely misses you.
The leopard gecko bites you but does no damage.
The leopard gecko bites you but does no damage.
The leopard gecko bites you.
You die...

#.####.#.#........#.#.
#.# ...#.#.#......#.#.
#.#.####.#.#..#.#.#.#.
#.# #.#.#.##.#.#.#.
#.# #.#.#....#.. #.
#.# #.#.##########.
#.# ..#..
#.###########
#....@l......
#############


You could see a leopard gecko.

Vanquished Creatures
  4 dart slugs (D:1)
  A leopard gecko (D:1)
  A giant cockroach (D:1)
  A goblin (D:1)
  4 jackals (D:1)
  A kobold (D:1)
  2 bats (D:1)
  A frilled lizard (D:1)
  3 rats (D:1)
18 creatures vanquished.

Notes
Turn   | Place    | Note
-------+----------+-------------------------------------------
     0 | D:1      | Manul the Vine Stalker Wanderer began the quest for the Orb.
     0 | D:1      | Manul set off with: a +2 dagger, a potion of berserk rage, the Catalogue of the Arsonist, a +0 ring mail, a bread ration
     0 | D:1      | Reached XP level 1. HP: 9/9 MP: 2/2
     0 | D:1      | Identified the Catalogue of the Arsonist
    98 | D:1      | Reached XP level 2. HP: 11/13 MP: 3/3
   581 | D:1      | Reached XP level 3. HP: 5/16 MP: 1/4
   624 | D:1      | Slain by a leopard gecko

Vault maps used:
D:1:      lightli_molten_gateway, minmay_cut_off

Skill      XL: |  1 |
---------------+----+-----
Armour         | 2 |  2.8
Bows           | |  1.0
Stealth        | |  1.2
Shields        | |  1.0
Conjurations   | |  5.0

Action                   || total
-------------------------++-------
Melee: Dagger            ||    60
       Bite              ||    10
Armor: Ring mail         ||    31
Dodge: Dodged            ||    56
